← All builds
Pond / Cortex / Economy first / OBSERVED BUILD

Fatboy buy

Cortex Pond build order · Supreme Isthmus

Pond pays Tech heavily from before 5 minutes to rush a Fatboy to front by around 5:12, well ahead of the role norm, fighting in the middle while keeping the usual eco and boosting job behind it.

#push #team support · 150 distinct matches · 43 players · 19% of Cortex Pond games · team won 53% of 150 · Recently observed

THE CATCH, AND WHAT COMES WITH IT
  • FatboyFatboy from Tech arrives 5:12 · 17% of role by thenTech makes it and hands it over.
  • HephaestusHeavy transport from an ally in 77%14% of all Pond games by then

Paid for by sending allies about 1,100 metal and 13,000 energy by 5:00; standard pond sends 110 metal and 9,900 energy.

Where those units first fight, in 144 games with kill data: in the middle 90%, on their own side 10%.

Those units destroy a typical 2,683 metal of enemy units by 15:00.

Then transitions into grunt (28% of army), tick (9% of army).

HOW TO PLAY IT

Key timing: Fatboy handed over by 5:10

  1. Drop tidals, mex and a bot lab while boosting wind for front.
  2. Send Tech heavy metal and energy to fund the Fatboy buy.
  3. Take the Heavy Plasma Bot 'Fatboy' handed over by Tech.
  4. Fly the Fatboy to the middle to push alongside front.
  5. Keep bot lab output of Grunt and Tick going as the real transition.

Phase by phase

TYPICAL OF ITS 150 GAMES · AGAINST STANDARD POND
  1. 1
  2. 2
PLAY THE OPENING

Follow the example game's first 6:13 step by step: what to build now, what comes next, and where it goes. At 1× it keeps pace with your own game.

  1. 1

    Up to the Bot Lab

    Economy
    • Metal Extractor4Mex
    • Tidal Generator8Tidalfor allies
    • Wind Turbine8Wind
    • Tidal Generator1Tidal
    • Energy Storage1Energy storage
    Order
    1. Bot LabBot Lab after 4 mex, 9 wind, 3 converterdone ~5:55, middle half 3:39–6:52

    Some games also: converter (44%)

    By 5:34 in all: 4 mex · 8 wind · 1 tidal · 1 energy storage

    The example game in this phase · 4 steps
    1. Tidal ×7for Suicide front
    2. Tidal
    3. Mex ×3
    4. Bot LabBot Labdone 2:08 · typical 5:55
  2. 2

    Bot Lab to 10:00

    Some games also: wind (46%) · con turret (39%) · con bot (37%) · grunt (36%) · converter (30%)

    The standard build makes here, this one skips: 16 wind · 2 converter

    By 10:00 in all: 4 mex · 15 wind (standard 26) · 1 tidal · 3 converter (standard 6) · 1 energy storage

    The example game in this phase · 123 steps
    1. Construction BotCon bot
    2. GraverobberGraverobber
    3. Construction BotCon bot
    4. Wind ×3
    5. GraverobberGraverobber ×2
    6. Mex
    7. Wind
    8. GraverobberGraverobber
    9. GruntGrunt
    10. Wind
    11. GruntGrunt ×3
    12. Wind
    13. Construction BotCon bot
    14. Energy storagefor Suicide front
    15. Wind
    16. GruntGrunt
    17. Wind
    18. GuardGuard
    19. Wind
    20. GuardGuard
    21. GruntGrunt
    22. GuardGuard
    23. GruntGrunt ×2
    24. Wind
    25. GraverobberGraverobber
    26. ThistleThistle ×2
    27. Construction BotCon bot
    28. Wind
    29. GruntGrunt ×2
    30. GuardGuard
    31. Wind
    32. GruntGrunt ×2
    33. GuardGuard
    34. GruntGrunt
    35. Wind
    36. GruntGrunt ×4
    37. Wind
    38. GruntGrunt ×5
    39. Wind
    40. Advanced Metal ExtractorT2 mexdone 9:11 · typical 10:04
    41. GruntGrunt ×4
    42. Wind
    43. GruntGrunt ×4
    44. Wind
    45. GruntGrunt ×4
    46. Wind
    47. GraverobberGraverobber
    48. Wind
    49. GraverobberGraverobber
    50. Wind ×2
    51. GruntGrunt
    52. Wind
    53. GruntGrunt
    54. Wind
    55. GruntGrunt
    56. Advanced Metal ExtractorT2 mex
    57. GruntGrunt
    58. Wind ×2
    59. GruntGrunt
    60. Construction BotCon bot
    61. Wind ×4
    62. Construction BotCon bot
    63. Advanced Metal ExtractorT2 mex
    64. Wind ×2
    65. GruntGrunt ×3
    66. Wind ×2
    67. GruntGrunt ×3
    68. Wind
    69. GruntGrunt
    70. Wind
    71. GruntGrunt ×2
    72. Advanced Metal ExtractorT2 mex
    73. GruntGrunt
    74. Wind
    75. GruntGrunt
    76. Wind
    77. GruntGrunt ×4
    78. Wind ×2
    79. GruntGrunt
    80. GraverobberGraverobber
    81. Con turret
    82. Wind ×2
    83. GraverobberGraverobber
    84. Fusion ReactorFusiondone 14:05
    85. Con turret
    86. Wind ×2
    87. GruntGrunt ×4
    88. Wind
    89. GruntGrunt
    90. Wind
    91. GruntGrunt
    92. Con turret
    93. GruntGrunt ×2
    94. Wind
    95. GruntGrunt
    96. Wind
    97. Con turret
    98. GruntGrunt
    99. Wind
    100. GruntGrunt
    101. Wind
    102. GruntGrunt
    103. Wind
    104. GruntGrunt ×4
    105. GraverobberGraverobber
    106. Wind
    107. GruntGrunt ×3
    108. GraverobberGraverobber
    109. Wind
    110. T2 converter
    111. GraverobberGraverobber
    112. GruntGrunt
    113. Con turret
    114. Wind
    115. GruntGrunt
    116. Con turret
    117. GruntGrunt
    118. Con turret
    119. GruntGrunt
    120. Con turret
    121. GruntGrunt
    122. Con turret
    123. GruntGrunt

Counts are medians over the build's games: half of them build more, half fewer. The example game is [DmE]Mr_Inconclusive's (33 OS, 20/08/2026); pick another.

Team trades

IN AT LEAST 30% OF ITS GAMES

You hand over

  • Tidal Generator8 Tidal to Suicide front or Frontfirst at 0:11 · in 99% of games

You get

  • Hephaestus1 Heavy transport from Air or Techfirst at 4:51 · in 77% of games
  • Fatboy1 Fatboy from Techfirst at 5:13 · in 100% of games
  • Advanced Construction Bot1 T2 con bot from Techfirst at 8:12 · in 94% of games

How it plays out

Typical game of this build against the role’s standard build, running totals by minute

  • This build
  • Standard pond

Metal produced

010k20k
0:005:0010:0015:00

metal

Enemy metal destroyed

02k4k6k
0:005:0010:0015:00

metal

Own metal lost

02k4k
0:005:0010:0015:00

metal

Metal sent to allies

01k2k
0:005:0010:0015:00

metal

Energy sent to allies

020k40k60k
0:005:0010:0015:00

metal

150 games.

Show as table
ByMetal produced: This buildMetal produced: Standard pondEnemy metal destroyed: This buildEnemy metal destroyed: Standard pondOwn metal lost: This buildOwn metal lost: Standard pondMetal sent to allies: This buildMetal sent to allies: Standard pondEnergy sent to allies: This buildEnergy sent to allies: Standard pond
1:0011511500000010801012
2:0027225800000027652438
3:0081473700000048034695
4:00149514100000418073786694
5:002244212500001096111134279877
6:0030182931000014114001856911926
7:003852380120000015234422188914105
8:00464448901063541298616204522323517257
9:0054806223199722548818116764612562819465
10:0064267751286448093451716974682784322262
11:00759198693213856149179617084752879225008
12:00901912148358711701937105417244832976526862
13:001052414682456215752406161217654923032130092
14:001247317122494018373017207318445313248035003
15:001468119818540426003378296619065493437440760
WHAT THE NUMBERS SAY

Won more often than the standard build and destroyed more enemy metal by 15:00 despite producing less metal itself.

  • + Destroyed 5282 enemy metal by 15:00 vs 3127 for the standard build.
  • + Fatboy and heavy transports line up: 79% of games get a Hephaestus by 4:39.
  • − Own metal lost by 15:00 rose to 3713 vs 3070 standard.
  • − Metal produced lagged badly at 10:00 and 15:00 (6422/14880 vs 8366/19066).
THE EXAMPLE YOU ARE READING

[DmE]Mr_Inconclusive

33.1 OS · 20/08/2026

Open source match ↗

3 received units · includes a constructor
1688 metal received · 12511 energy received

Allied construction assistance is unknown. Timings are observations, not a promise of solo reproducibility.

Typical milestones

Bot Lab5:55Middle 50%: 3:39–6:52 · n=82
Advanced Metal Extractor10:04Middle 50%: 9:17–10:50 · n=141

Played most by

[Grump]Matsuri24games of this buildFrontLiner69er13games of this buildzeus_on_god11games of this buildDouglasBacon10games of this buildSHOGVN9games of this build

Supporting games

Pick a game to read and play it above.

SHOGVN15/10/2026 · 34 OS↗[Grump]Matsuri13/10/2026 · 40 OS↗Vaticineur13/10/2026 · 33 OS↗Vaticineur13/10/2026 · 32 OS↗[Grump]Matsuri13/10/2026 · 39 OS↗SauceDispenser13/10/2026 · 35 OS↗[Grump]Matsuri13/10/2026 · 39 OS↗SHOGVN12/10/2026 · 35 OS↗[DmE]Mr_Inconclusive20/08/2026 · 33 OS↗
32 more of 142, the most recentJesterB12/10/2026 · 31 OS↗[Grump]Matsuri12/10/2026 · 39 OS↗FrontLiner69er11/10/2026 · 33 OS↗SHOGVN10/10/2026 · 33 OS↗GazzGrim10/10/2026 · 32 OS↗[Grump]Matsuri10/10/2026 · 39 OS↗FrontLiner69er09/10/2026 · 33 OS↗[Grump]Matsuri09/10/2026 · 38 OS↗SHOGVN08/10/2026 · 34 OS↗[Grump]Matsuri08/10/2026 · 38 OS↗zeus_on_god07/10/2026 · 39 OS↗JustSomeGuy06/10/2026 · 41 OS↗JustSomeGuy06/10/2026 · 41 OS↗FrontLiner69er06/10/2026 · 32 OS↗SHOGVN06/10/2026 · 33 OS↗[Grump]Matsuri05/10/2026 · 38 OS↗s0uthy05/10/2026 · 39 OS↗zeus_on_god04/10/2026 · 38 OS↗FrontLiner69er04/10/2026 · 33 OS↗zeus_on_god04/10/2026 · 38 OS↗[Crd]HahnII03/10/2026 · 31 OS↗[Crd]HahnII03/10/2026 · 31 OS↗zeus_on_god02/10/2026 · 38 OS↗s0uthy02/10/2026 · 38 OS↗zeus_on_god02/10/2026 · 38 OS↗[Grump]Matsuri02/10/2026 · 40 OS↗enderOS101/10/2026 · 34 OS↗Boozha29/09/2026 · 33 OS↗enderOS129/09/2026 · 34 OS↗FrontLiner69er29/09/2026 · 32 OS↗FrontLiner69er29/09/2026 · 32 OS↗FrontLiner69er29/09/2026 · 32 OS↗
Supreme Isthmus v2.1
Beyond All Reason test-31001-7b9fbd4
Naval balance tweaks off